 Dungeon Crawl Stone Soup version 0.31-a0-614-gc85dc1c48c (webtiles) character file.

Game seed: 6599950275596877857

2997 MacCMillion the Grappler (level 9, -4/87 HPs)
             Began as a Troll Shapeshifter on Aug 22, 2023.
             Was an Initiate of Gozag.
             Slain by a wight
             ... wielding a +4 halberd
              (15 damage)
             ... on level 7 of the Dungeon.
             The game lasted 00:08:14 (5688 turns).

MacCMillion the Grappler (Troll Shapeshifter)       Turns: 5688, Time: 00:08:14

Health: -4/87      AC:  4    Str: 29    XL:     9   Next: 54%
Magic:  8/8        EV: 14    Int:  4    God:    Gozag
Gold:   588        SH:  0    Dex: 10    Spells: 8/8 levels left

rFire   . .          .
                       - Unarmed
rCold   . . .        (no shield)
rNeg    . . .        a - +0 animal skin
rPois   .            (helmet currently unavailable)
rElec   .            (cloak currently unavailable)
rCorr   .            (gloves unavailable)
SInv    .            (boots unavailable)
Will    .....        g - amulet of regeneration
Stlth   +            B - +5 ring of evasion
HPRegen 1.94/turn    (no ring)
MPRegen 0.11/turn

%: no passive effects
@: beast-form, gold aura
A: beast (slay +3), large, unfitting armour, claws 3, regeneration 1, shaggy fur
1, tough skin 1
a: Begin Untransformation, Renounce Religion, Potion Petition, Call Merchant,
Bribe Branch


You were on level 7 of the Dungeon.
You worshipped Gozag.
Gozag was pleased with you.
You were a hulking beast.
You visited 1 branch of the dungeon, and saw 7 of its levels.

You collected 731 gold pieces.
You spent 26 gold pieces at shops.
You paid 117 gold pieces to Gozag.

Inventory:

Missiles
 t - 12 curare-tipped darts
 v - 9 poisoned darts
 A - 3 throwing nets
 C - 2 boomerangs
Armour
 a - a +0 animal skin (worn)
Jewellery
 g - an amulet of regeneration (around neck)
 p - an amulet of magic regeneration
 y - a +6 ring of intelligence
 B - a +5 ring of evasion (left claw)
Talismans
 c - a beast talisman (active)
 d - a flux talisman
Scrolls
 l - 3 scrolls of noise
 q - a scroll of poison {unknown}
 r - 8 scrolls of identify
 s - a scroll of enchant weapon {unknown}
 w - a scroll of revelation {unknown}
 x - a scroll of blinking {unknown}
 D - a scroll of teleportation {unknown}
 E - a scroll of fog {unknown}
Potions
 b - 2 potions of lignification
 e - 2 potions of curing
 f - 3 potions of brilliance {unknown}
 h - 2 potions of magic {unknown}
 i - 7 potions of mutation {unknown}
 j - 3 potions of degeneration {unknown}
 k - a potion of ambrosia {unknown}
 m - 6 potions of heal wounds {unknown}
 n - a potion of cancellation {unknown}
 o - 2 potions of enlightenment
 u - 2 potions of invisibility {unknown}
 z - 2 potions of haste {unknown}


   Skills:
 + Level 4.8 Fighting
 - Level 1.5 Dodging
 - Level 11.0 Unarmed Combat
 + Level 5.7 Shapeshifting


You had 8 spell levels left.
You didn't know any spells.
Your spell library contained the following spells:

 Spells                   Type           Power      Damage    Failure   Level
 Sandblast                Erth           0%         2d4       50%         1
 Ensorcelled Hibernation  Hex/Ice        0%         N/A       65%         2
 Passwall                 Tmut/Erth      0%         N/A       65%         2
 Sublimation of Blood     Necr           0%         N/A       65%         2
 Stone Arrow              Conj/Erth      0%         3d7       86%         3
 Swiftness                Air            0%         N/A       86%         3
 Petrify                  Tmut/Erth      0%         N/A       99%         4
 Irradiate                Conj/Tmut      0%         3d11      100%        5


Dungeon Overview and Level Annotations

Branches:
Dungeon (7/15)
 Temple: D:4-7

Altars:
Ashenzari
Gozag
Hepliaklqana
Vehumet
Yredelemnul

Shops:
D:1 :   D:2 *   D:7 [

Annotations:
D:3 2 runed translucent doors, blacky4's ghost, amateur KoBr


Innate Abilities, Weirdness & Mutations

You are a hulking beast.
Your limbs bulge with bestial killing power. (Slay +3)
You are too large for most types of armour.
You have claws for hands.
Your natural rate of healing is unusually fast.
You are covered in fur. (AC +1)
You have tough skin. (AC +1)


Message History

A centaur comes into view.
The centaur shouts!
The centaur wields a +1 shortbow of flaming.
It bursts into flame!
The centaur shoots an arrow.
The arrow hits you. The arrow burns you.
The centaur shoots an arrow.
The arrow hits you! The arrow burns you. The wight hits you with a +3 spear.
You scratch the wight.
The wight is lightly damaged.
You barely miss the wight.
The wight is lightly damaged.
The wight barely misses you.
You mangle the wight!!
You destroy the wight!
The centaur shoots an arrow.
The arrow barely misses you.
The centaur shoots an arrow.
The arrow hits you. The arrow burns you.
The centaur shoots an arrow.
The arrow hits you! The arrow burns you.
The centaur unwields a +1 shortbow of flaming.
It stops flaming.
The centaur closely misses you.
The centaur kicks you but does no damage.
The wight hits you with a +4 halberd!
You feel drained.
You mangle the centaur!!
The centaur is almost dead.
The centaur closely misses you.
The centaur kicks you but does no damage.
The wight hits you with a +4 halberd!!
* * * LOW HITPOINT WARNING * * *
The wight hits you from afar with a +1 heavy spear!
* * * LOW HITPOINT WARNING * * *
You mangle the centaur!!
You kill the centaur!
The wight closely misses you.
The wight unwields a +4 scimitar.
The wight wields a +0 sling.
The wight shoots a sling bullet.
The sling bullet closely misses you.
Your life force feels restored.
The wight closely misses you. The wight attacks as it pursues you!
The wight hits you from afar with a +4 halberd!
You die...
Your body crumbles into a pile of gold.

#..#..### #
#..########## ####
#............
##..###......######
#....#..######
##.<....##
##........#
#.........#
##...h.....#
#.<.$......#
#....z.....#
#.....z.....#
#....z.....##
#..........#
#..........#
#..........##
...........#


You could see 3 wights.

Vanquished Creatures
  Jeremiah (D:6)
  Edmund (D:6)
  A water moccasin (D:6)
  An ice beast (D:7)
  2 sky beasts (D:6)
  An orc warrior (D:6)
  A black bear (D:6)
  A centaur (D:7)
  Blork the orc (D:6)
  2 wyvern zombies (D:6)
  A water moccasin zombie (D:6)
  5 scorpions
  3 wights
  3 necrophages (D:6)
  A howler monkey (D:5)
  A centaur zombie (D:6)
  4 orc priests
  A human zombie (D:6)
  3 hounds (D:5)
  2 jellies
  A sleepcap (D:5)
  5 iguanas
  Terence (D:3)
  3 orc wizards
  A statue (D:4)
  2 mummies (D:6)
  A howler monkey zombie (D:6)
  12 gnolls
  12 adders
  A shadow imp (D:5)
  3 white imps
  3 ufetubi
  3 worms
  2 dart slugs (D:4)
  18 orcs
  5 endoplasms
  2 giant cockroaches
  7 goblins
  9 hobgoblins
  21 jackals
  9 kobolds
  3 quokkas
  10 ball pythons
  9 bats
  3 frilled lizards
  3 rats
185 creatures vanquished.

Notes
Turn   | Place    | Note
-------+----------+-------------------------------------------
     0 | D:1      | MacCMillion the Troll Shapeshifter began the quest for the
                  | Orb.
     0 | D:1      | Reached XP level 1. HP: 18/18 MP: 0/0
   174 | D:1      | Reached XP level 2. HP: 26/26 MP: 1/1
   222 | D:1      | Reached skill level 4 in Unarmed Combat
   460 | D:1      | Reached XP level 3. HP: 31/32 MP: 2/2
   625 | D:1      | Found Jisaan's Book Emporium.
  1139 | D:2      | Reached XP level 4. HP: 40/40 MP: 3/3
  1142 | D:2      | Reached skill level 5 in Unarmed Combat
  1149 | D:2      | Found Tito's General Store.
  1169 | D:2      | Bought a scroll of identify for 26 gold pieces
  1604 | D:3      | Found a runed translucent door.
  1607 | D:3      | Noticed blacky4's ghost (amateur KoBr)
  1634 | D:3      | Found a runed translucent door.
  2233 | D:3      | Noticed Terence
  2241 | D:3      | Killed Terence
  2246 | D:3      | Reached XP level 5. HP: 44/46 MP: 4/4
  2381 | D:3      | Found an opulent altar of Gozag.
  2381 | D:3      | Found a hazy altar of Hepliaklqana.
  2570 | D:4      | Reached skill level 6 in Unarmed Combat
  2623 | D:4      | Found a radiant altar of Vehumet.
  2623 | D:4      | Noticed a charred statue
  2818 | D:4      | Reached XP level 6. HP: 54/54 MP: 5/5
  2853 | D:4      | Reached skill level 7 in Unarmed Combat
  3421 | D:5      | Entered Level 5 of the Dungeon
  3426 | D:5      | Reached skill level 8 in Unarmed Combat
  3426 | D:5      | Reached XP level 7. HP: 50/61 MP: 6/6
  3555 | D:5      | Identified the +2 short sword of the Snake Pit {flame, rN+}
  3650 | D:5      | Reached skill level 9 in Unarmed Combat
  3658 | D:5      | Found a broken altar of Ashenzari.
  4227 | D:3      | Became a worshipper of Gozag Ym Sagoz the Greedy
  4351 | D:6      | Reached XP level 8. HP: 55/68 MP: 7/7
  4406 | D:6      | Reached skill level 10 in Unarmed Combat
  4534 | D:6      | Found a basalt altar of Yredelemnul.
  4559 | D:6      | Reached skill level 11 in Unarmed Combat
  4565 | D:6      | Reached skill level 1 in Fighting
  4796 | D:6      | Noticed Edmund
  4805 | D:6      | Killed Edmund
  4830 | D:6      | Noticed Blork the orc
  4840 | D:6      | Reached XP level 9. HP: 76/81 MP: 8/8
  4844 | D:6      | Killed Blork the orc
  4952 | D:6      | Noticed Jeremiah
  4989 | D:6      | Killed Jeremiah
  4990 | D:6      | Reached skill level 5 in Shapeshifting
  5626 | D:7      | Found Rubliv's Armour Boutique.
  5688 | D:7      | Slain by a wight

Illustrated notes

Levels and vault maps discovered:
D:1:      spicycebolla_green_bress_n_ham, layout_loops_corners, serial_shops,
          shop
D:2:      layout_basic, serial_shops, nicolae_shop_window_shopping,
          corexii_shack, minmay_quadrilaterals
D:3:      layout_basic, gammafunk_temple_overflow_wave, ebering_ghost_sewer_f,
          uniq_terence
D:4:      layout_basic, vehumet_statue
D:5:      layout_loops_ring, mainiacjoe_overflow_cross_hatched, nicolae_titane
D:6:      layout_basic, lemuel_mausoleum_altar_yredelemnul, uniq_edmund,
          uniq_blork_the_orc, uniq_jeremiah
D:7:      layout_cave_pods, minmay_temple_entry_butterflies, serial_shops, shop

Skill      XL: |  1  2  3  4  5  6  7  8  9 |
---------------+----------------------------+-----
Unarmed Combat | 4 5 6 8 9 11 | 11.0
Fighting       | 3 4 |  4.8
Shapeshifting  | 4 5 |  5.7
Dodging        | |  1.5

Action                     |  1- 3 |  4- 6 |  7- 9 || total
---------------------------+-------+-------+-------++-------
  Melee: Unarmed           |    79 |   160 |   176 ||   415
         Punch             |     2 |     3 |     8 ||    13
    Use: Scroll            |       |     3 |       ||     3
   Stab: Sleeping          |     1 |     1 |       ||     2
         Distracted        |       |       |     1 ||     1
 Armour: Animal skin       |    25 |    47 |    22 ||    94
  Dodge: Dodged            |    28 |    66 |    59 ||   153

Table legend: (Time is in decaauts)
 A = Elapsed time spent in this place.
 B = Non-inter-level travel time spent in this place.
 C = Inter-level travel time spent in this place.
 D = Time resting spent in this place.
 E = Time spent auto-exploring this place.
 F = Levels seen in this place.
 G = Mean time per level.
                   A        B        C        D        E       F      G
               +--------+--------+--------+--------+--------+-----+--------+
         Total |   5632 |   5337 |    295 |    180 |   4133 |   7 |  804.6 |
       Dungeon |   5632 |   5337 |    295 |    180 |   4133 |   7 |  804.6 |
               +--------+--------+--------+--------+--------+-----+--------+

Top non-repeatable levels by time:
     D:6: 1253 daAuts
     D:3: 979 daAuts
     D:1: 944 daAuts
     D:4: 922 daAuts
     D:5: 819 daAuts
     D:2: 590 daAuts
     D:7: 122 daAuts
